 Dungeon Crawl Stone Soup version 0.31-a0-596-g831eee08f1 (webtiles) character file.

Game seed: 13355669501506962147

660 mopl the Chopper (level 7, -7/61 HPs)
             Began as a Hill Orc Fighter on Aug 20, 2023.
             Mangled by a hornet (10 damage)
             ... on level 5 of the Dungeon.
             The game lasted 00:03:33 (2885 turns).

mopl the Chopper (Hill Orc Fighter)                 Turns: 2885, Time: 00:03:34

Health: -7/61      AC: 11    Str: 19    XL:     7   Next: 56%
Magic:  7/7        EV: 10    Int:  8    God:
Gold:   185        SH:  0    Dex: 12    Spells: 6/6 levels left

rFire   + . .        a - +0 battleaxe
rCold   . . .        (shield currently unavailable)
rNeg    + . .        v - +3 scale mail {rF+}
rPois   .            w - +0 helmet
rElec   .            (no cloak)
rCorr   .            (no gloves)
SInv    .            (no boots)
Will    .....        (no amulet) Stlth
                     b - ring of positive energy
HPRegen 0.30/turn    (no ring)
MPRegen 0.10/turn

%: no passive effects
@: lethally poisoned (-7 -> -15), hasted and slowed
A: no striking features
a: no special abilities


You were on level 5 of the Dungeon.
You visited 1 branch of the dungeon, and saw 5 of its levels.

You collected 185 gold pieces.

Inventory:

Hand Weapons
 a - a +0 battleaxe (weapon)
 m - the +4 long sword of the Past {protect, rPois Will+}
   (You took it off a goblin on level 2 of the Dungeon)

   rPois:     It protects you from poison Will+: It increases your willpower.
 u - a +2 dire flail of pain
Missiles
 p - 11 poisoned darts (quivered)
Armour
 c - a +0 buckler
 v - a +3 scale mail of fire resistance (worn)
 w - a +0 helmet (worn)
Jewellery
 b - a ring of positive energy (left hand)
 n - a ring of fire
Wands
 l - a wand of polymorph (14)
Scrolls
 f - 3 scrolls of identify {unknown}
 g - 2 scrolls of amnesia {unknown}
 i - a scroll of butterflies {unknown}
 k - 2 scrolls of blinking {unknown}
 r - 2 scrolls of noise {unknown}
 t - 2 scrolls of teleportation {unknown}
 x - a scroll of fear {unknown}
 y - a scroll of enchant armour {unknown}
 A - a scroll of poison {unknown}
Potions
 d - 3 potions of might
 e - 2 potions of haste
 h - 2 potions of heal wounds {unknown}
 j - a potion of curing {unknown}
 o - 2 potions of enlightenment {unknown}
 q - a potion of degeneration {unknown}
 s - a potion of attraction {unknown}
 z - a potion of invisibility {unknown}


   Skills:
 + Level 5.5 Fighting
 * Level 7.2 Axes
 + Level 5.0 Armour
 + Level 2.6 Dodging
 - Level 3.2 Shields


You had 6 spell levels left.
You didn't know any spells.
Your spell library contained the following spells:

 Spells                   Type           Power      Damage    Failure   Level
 Apportation              Tloc           0%         N/A       77%         1
 Kiss of Death            Conj/Necr      0%         2d5       77%         1
 Necrotise                Necr           0%         1d4       77%         1
 Slow                     Hex            0%         N/A       77%         1
 Summon Small Mammal      Summ           0%         N/A       77%         1
 Confusing Touch          Hex            0%         N/A       98%         3
 Vampiric Draining        Necr           0%         2d6       98%         3
 Dispel Undead            Necr           0%         3d6       100%        4


Dungeon Overview and Level Annotations

Branches:
Dungeon (5/15)
 Temple: D:4-7

Altars:
Fedhas
Gozag


Message History

You hit the sleepcap.
The sleepcap is severely damaged.
You slash the gnoll! The gnoll barely misses you.
The gnoll hits you but does no damage.
You are poisoned.
The sleepcap releases spores at you but does no damage.
The gnoll hits you with a +1 whip of venom.
You are more poisoned.
The gnoll barely misses you.
You barely miss the gnoll.
The gnoll is severely wounded.
You slash the hornet!
You feel extremely sick. The hornet stings you.
You feel yourself slow down. The gnoll completely misses you.
The gnoll hits you with a +1 whip of venom.
You are more poisoned.
You hit the gnoll.
You kill the gnoll!
You closely miss the hornet.
You feel extremely sick. The hornet stings you!
* * * LOW HITPOINT WARNING * * *
You feel as though you will be slow longer.
The hornet stings you but does no damage.
The gnoll barely misses you.
An ice beast comes into view.
The centaur unwields a +0 orcbow.
The centaur hits you.
* * * LOW HITPOINT WARNING * * *
The centaur barely misses you.
The hornet stings you but does no damage.
The gnoll hits you from afar with a +0 halberd.
* * * LOW HITPOINT WARNING * * *
The centaur hits you but does no damage.
The centaur barely misses you.
It was a potion of haste.
You feel yourself speed up.
* * * LOW HITPOINT WARNING * * *
You feel very sick. The hornet stings you!
You die...

.#......##.# #.
#.......### #.##
#......##
.....>..##...##
#......##....####
.... #....##.##
#..####.......#
#...#.........#
#..fy@#.#....##
#......c#########
##.Y..gg.
..#..>...P
...........
#...##.#.PP_ ...#
..


.P.PP #.. #. .PPP You could see a hornet, an ice beast, a sleepcap, a centaur
and 2 gnolls.

Vanquished Creatures
  A steam dragon (D:4)
  Edmund (D:4)
  An ogre (D:4)
  The ghost of flestrin the Insei, an amateur DsSh (D:4)
  A howler monkey (D:2)
  A sleepcap (D:4)
  An orc wizard (D:3)
  4 adders
  2 gnolls (D:5)
  5 worms
  4 orcs
  5 endoplasms
  4 giant cockroaches
  6 goblins
  6 hobgoblins
  12 jackals
  5 quokkas
  14 ball pythons
  4 bats
  6 frilled lizards
  7 kobolds
  2 rats
93 creatures vanquished.

Notes
Turn   | Place    | Note
-------+----------+-------------------------------------------
     0 | D:1      | mopl the Hill Orc Fighter began the quest for the Orb.
     0 | D:1      | Reached XP level 1. HP: 19/19 MP: 1/1
    64 | D:1      | Reached skill level 3 in Axes
   166 | D:1      | Reached XP level 2. HP: 25/27 MP: 2/2
   637 | D:2      | Reached XP level 3. HP: 26/33 MP: 3/3
   795 | D:2      | Reached skill level 4 in Fighting
   795 | D:2      | Reached skill level 4 in Axes
   795 | D:2      | Reached skill level 1 in Dodging
   795 | D:2      | Reached XP level 4. HP: 30/40 MP: 4/4
  1040 | D:2      | Identified the +0 robe of Vydomeneo {Dex+2}
  1108 | D:2      | Found an opulent altar of Gozag.
  1158 | D:2      | Identified the +4 long sword of the Past {protect, rPois
                  | Will+}
  1438 | D:2      | Found a faded altar of an unknown god.
  1478 | D:3      | Reached skill level 4 in Armour
  1502 | D:3      | Reached XP level 5. HP: 46/47 MP: 5/5
  1527 | D:3      | Reached skill level 5 in Axes
  1973 | D:4      | Noticed Edmund
  1973 | D:4      | Noticed a steam dragon
  1982 | D:4      | Killed a steam dragon
  1983 | D:4      | Reached skill level 2 in Dodging
  1983 | D:4      | Reached XP level 6. HP: 44/55 MP: 6/6
  1989 | D:4      | Killed Edmund
  1990 | D:4      | Reached skill level 5 in Fighting
  1990 | D:4      | Reached skill level 6 in Axes
  2263 | D:4      | Reached XP level 7. HP: 61/61 MP: 7/7
  2694 | D:4      | Noticed flestrin's ghost (amateur DsSh)
  2695 | D:4      | Found a runed translucent gate.
  2699 | D:4      | Found a runed translucent gate.
  2699 | D:4      | Found a runed translucent gate.
  2714 | D:4      | Killed flestrin's ghost
  2715 | D:4      | Reached skill level 7 in Axes
  2715 | D:4      | Reached skill level 5 in Armour
  2858 | D:5      | Entered Level 5 of the Dungeon
  2878 | D:5      | Found a blossoming altar of Fedhas.
  2880 | D:5      | Noticed a hornet
  2885 | D:5      | HP: 3/61 [poisoned by a gnoll]
  2885 | D:5      | Mangled by a hornet

Illustrated notes

Levels and vault maps discovered:
D:1:      lightli_arrival_windingriver, layout_basic
D:2:      wad_crossroads, layout_basic, basic_altar, basic_ecumenical_altar
D:3:      layout_rooms
D:4:      layout_gridville, gammafunk_ghost_split, kennysheep_doodads,
          minmay_misc_feat_five, uniq_edmund
D:5:      layout_cave_pools, kennysheep_mini,
          nicolae_dithmenos_through_a_glass_darkly,
          fedhas_bush_and_centaur_altar, serial_park, serial_park_square2,
          serial_park_tiny_1, uniq_ijyb

Skill      XL: |  1  2  3  4  5  6  7 |
---------------+----------------------+-----
Axes           | 3 4 5 6 7 |  7.2
Fighting       | 4 5 |  5.5
Dodging        | 1 2 |  2.6
Armour         | 4 5 |  5.0
Shields        | |  3.2

Action                     |  1- 3 |  4- 6 |  7- 9 || total
---------------------------+-------+-------+-------++-------
  Melee: War axe           |    20 |       |       ||    20
         Battleaxe         |    38 |   135 |    48 ||   221
    Use: Potion            |       |     1 |     1 ||     2
 Armour: Scale mail        |    31 |    69 |    26 ||   126
  Dodge: Dodged            |    38 |    83 |    25 ||   146
  Block: Buckler           |     6 |       |       ||     6

Table legend: (Time is in decaauts)
 A = Elapsed time spent in this place.
 B = Non-inter-level travel time spent in this place.
 C = Inter-level travel time spent in this place.
 D = Time resting spent in this place.
 E = Time spent auto-exploring this place.
 F = Levels seen in this place.
 G = Mean time per level.
                   A        B        C        D        E       F      G
               +--------+--------+--------+--------+--------+-----+--------+
         Total |   2994 |   2917 |     77 |    403 |   1833 |   5 |  598.8 |
       Dungeon |   2994 |   2917 |     77 |    403 |   1833 |   5 |  598.8 |
               +--------+--------+--------+--------+--------+-----+--------+

Top non-repeatable levels by time:
     D:2: 918 daAuts
     D:3: 773 daAuts
     D:4: 662 daAuts
     D:1: 611 daAuts
     D:5: 29 daAuts
